 Dungeon Crawl Stone Soup version 0.28.0-45-g0d030f2227 (webtiles) character file.

Game seed: 880008185737590728

11 protoss039 the Cudgeller (level 2, 0/18 HPs)
             Began as a Gargoyle Gladiator on Apr 13, 2022.
             Frozen to death by an endoplasm (3 damage)
             ... on level 1 of the Dungeon.
             The game lasted 00:00:35 (134 turns).

protoss039 the Cudgeller (Gargoyle Gladiator)        Turns: 134, Time: 00:00:36

Health: 0/18       AC:  6    Str: 17    XL:     2   Next: 29%
Magic:  2/2        EV: 12    Int:  8    God:
Gold:   0          SH:  0    Dex: 11    Spells: 1/1 levels left

rFire   + . .      SeeInvis .   a - +0 flail
rCold   . . .      Faith    .   (no shield)
rNeg    + . .      Spirit   .   b - +0 leather armour
rPois   ∞          Reflect  .   c - +0 helmet
rElec   +          Harm     .   (no cloak)
rCorr   .          Rampage  .   (no gloves)
Will    .....                   (no boots)
Stlth   +.........              (no amulet)
HPRegen 0.06/turn               e - ring of protection from fire
MPRegen 0.08/turn               (no ring)

@: no status effects
A: sickness immunity, AC +2, negative energy resistance 1, electricity
resistance, torment resistance 1, petrification resistance
a: no special abilities


You were on level 1 of the Dungeon.
You visited 1 branch of the dungeon, and saw 1 of its levels.

Inventory:

Hand Weapons
 a - a +0 flail (weapon)
Missiles
 d - 3 throwing nets (quivered)
Armour
 b - a +0 leather armour (worn)
 c - a +0 helmet (worn)
Jewellery
 e - a ring of protection from fire (left hand)


   Skills:
 + Level 2.4 Fighting
 + Level 3.1 Maces & Flails
 - Level 2.0 Throwing
 + Level 0.4 Armour
 * Level 2.6 Dodging


You had one spell level left.
You didn't know any spells.
Your spell library was empty.

Dungeon Overview and Level Annotations

Branches:
Dungeon (1/15)

Altars:

Shops:
D:1 [:


Innate Abilities, Weirdness & Mutations

You are immune to sickness and miasma.
Your stone body is resilient. (AC +2)
You are immune to poison.
You resist negative energy. (rN+)
You are resistant to electric shocks. (rElec)
You are resistant to unholy torment.
You are immune to petrification.


Message History

You hit the jackal.
The jackal is moderately wounded.
The jackal bites you.
You closely miss the jackal.
The jackal is moderately wounded.
The jackal barely misses you.
The jackal bites you but does no damage.
The giant cockroach waves its antennae.
You closely miss the jackal.
The jackal is moderately wounded.
The jackal closely misses you. The jackal misses you.
You barely miss the jackal. The jackal closely misses you.
You sock the jackal!
You kill the jackal!
The jackal bites you but does no damage.
You hit the jackal but do no damage. The jackal closely misses you.
The jackal bites you.
You hit the jackal but do no damage.
The jackal bites you but does no damage.
The jackal misses you.
You hit the jackal.
You kill the jackal!
The dart slug briefly extends its eye-stalks.
The giant cockroach bites you.
You hit the giant cockroach.
You kill the giant cockroach!
The dart slug launches a dart at you. The slug dart misses you.
You barely miss the endoplasm. The endoplasm freezes you.
You are frozen.
You barely miss the endoplasm. The endoplasm misses you.
You hit the endoplasm.
The endoplasm is almost dead.
The endoplasm freezes you.
You are frozen.
* * * LOW HITPOINT WARNING * * *
The endoplasm freezes you.
You are frozen.
You die...

## .. .##. ....... ##. ##. . ....
...##........##.. .. ...
#.$##..... (...###.#
...##........# ##...... .
#....∩.......###..#..#########
... ....##.........#...†.#.....#
.... #..##.##.#####............)
.....##.....[.rJ@................
#....#†.#.w##................
...#.........##..#..............
.........#.###..##.....†........
..........#.##...................
.................###.............
................## ##.....#.....#
...............## ##..##########
.............#.#####..##


You could see a dart slug, an endoplasm and a rat.

Vanquished Creatures
  A dart slug (D:1)
  A giant cockroach (D:1)
  A hobgoblin (D:1)
  3 jackals (D:1)
  2 bats (D:1)
  A rat (D:1)
9 creatures vanquished.

Notes
Turn   | Place    | Note
-------+----------+-------------------------------------------
     0 | D:1      | protoss039 the Gargoyle Gladiator began the quest for the
                  | Orb.
     0 | D:1      | Reached XP level 1. HP: 12/12 MP: 1/1
     0 | D:1      | Found a faded altar of an unknown god.
     6 | D:1      | Found Idghyv's Book Boutique.
   100 | D:1      | Found Oddiedgh's Antique Armour Shoppe.
   118 | D:1      | Reached XP level 2. HP: 14/18 MP: 2/2
   134 | D:1      | Frozen to death by an endoplasm

Illustrated notes

Levels and vault maps discovered:
D:1:      minmay_arrival_arboretum_small, layout_rooms, serial_shops,
          nicolae_square_shop, nicolae_shop_waterfront, shop,
          nicolae_shop_trees, nicolae_lakefront_shop, basic_ecumenical_altar,
          grunt_decor_junction

Skill      XL: |  1 |
---------------+----+-----
Throwing       | 2 |  2.0
Fighting       | |  2.4
Maces & Flails | |  3.1
Armour         | |  0.4
Dodging        | |  2.6

Action                   || total
-------------------------++-------
Melee: Flail             ||    28
Armor: Leather armour    ||    11
Dodge: Dodged            ||    32
